 Dungeon Crawl Stone Soup version 0.29.1-2-gbd0b4ee654 (webtiles) character file.

Game seed: 15558742259910366899

1815 leafyfresh the Covert (level 9, -5/51 HPs)
             Began as an Octopode Earth Elementalist on Nov 7, 2022.
             Was an Initiate of Vehumet.
             Killed from afar by a steam dragon (20 damage)
             ... with a ball of steam
             ... on level 7 of the Dungeon.
             The game lasted 00:20:42 (13948 turns).

leafyfresh the Covert (OpEE)                       Turns: 13948, Time: 00:20:44

Health: -5/51      AC:  1    Str:  7    XL:     9   Next: 10%
Magic:  7/12       EV: 14    Int: 22    God:    Vehumet [......]
Gold:   342        SH:  0    Dex: 12    Spells: 7/13 levels left

rFire   . . .      SeeInvis +   r - +2 quarterstaff (chaos)
rCold   . . .      Faith    .   (shield currently unavailable)
rNeg    . . .      Spirit   .   (helmet restricted)
rPois   .          Reflect  .   (no amulet)
rElec   .          Harm     .   t - ring of flight
rCorr   .          Rampage  .   y - ring of see invisible
Will    +....                   (no ring)
Stlth   ++++++....              (no ring)
HPRegen 0.17/turn               (no ring)
MPRegen 0.13/turn               (no ring)
                                (no ring)
                                (no ring)

@: flying, very slightly contaminated
A: almost no armour, amphibious, 8 rings, camouflage 2, gelatinous body 1,
(nimble swimmer 1), tentacles, tentacle spike 1, strong-willed 1
a: Renounce Religion


You were on level 7 of the Dungeon.
You worshipped Vehumet.
Vehumet was noncommittal.
You visited 2 branches of the dungeon, and saw 8 of its levels.

You collected 342 gold pieces.

Inventory:

Hand Weapons
 d - a +0 short sword
 r - a +2 quarterstaff of chaos (weapon)
 s - a +0 hammer
Missiles
 h - 10 boomerangs
 A - 2 poisoned darts
 H - 6 silver javelins
Armour
 n - a +0 helmet
 v - a +0 tower shield
 D - a +0 buckler
Magical Staves
 g - a staff of cold
Jewellery
 t - a ring of flight (left tentacle)
 y - a ring of see invisible (right tentacle)
Wands
 f - a wand of quicksilver (14)
 u - a wand of polymorph (9)
 G - a wand of mindburst (14)
Scrolls
 b - 2 scrolls of fear
 j - 3 scrolls of brand weapon
 m - 5 scrolls of teleportation
 o - 4 scrolls of poison
 w - 2 scrolls of magic mapping
 x - a scroll of torment {unknown}
 z - 2 scrolls of vulnerability {unknown}
 B - a scroll of silence {unknown}
 E - 2 scrolls of amnesia {unknown}
 F - 2 scrolls of immolation {unknown}
Potions
 c - a potion of ambrosia
 e - a potion of mutation
 i - a potion of haste {unknown}
 l - 2 potions of degeneration {unknown}
 p - 2 potions of might
 q - 2 potions of lignification
 C - 2 potions of brilliance


   Skills:
 + Level 4.2 Dodging
 + Level 8.5 Stealth
 - Level 3.8 Shields
 - Level 2.6 Spellcasting
 - Level 4.9 Conjurations
 - Level 1.0 Transmutations
 - Level 6.8 Earth Magic


You had 7 spell levels left.
You knew the following spells:

 Your Spells              Type           Power      Damage    Failure   Level
a - Sandblast             Erth           66%        2d15      1%          1
b - Stone Arrow           Conj/Erth      56%        3d10      3%          3
c - Passwall              Tmut/Erth      16%        N/A       4%          2

Your spell library contained the following spells:

 Spells                   Type           Power      Damage    Failure   Level
 Petrify                  Tmut/Erth      20%        N/A       26%         4
 Tukima's Dance           Hex            2%         N/A       36%         3
 Borgnjor's Vile Clutch   Necr/Erth      8%         N/A       65%         5
 Animate Dead             Necr           2%         N/A       78%         4
 Passage of Golubria      Tloc           2%         N/A       78%         4
 Yara's Violent Unravell  Hex/Tmut       2%         3d3       96%         5
 Death Channel            Necr           1%         N/A       100%        6


Dungeon Overview and Level Annotations

Branches:
Dungeon (7/15)             Temple (1/1) D:6

Altars:
Gozag
Makhleb
Okawaru
Qazlal
Ru
Trog
Vehumet
Wu Jian
The Shining One

Shops:
D:4 [   D:7 *


Innate Abilities, Weirdness & Mutations

You cannot wear most types of armour.
You are amphibious.
You can wear up to eight rings at the same time.
Your skin blends seamlessly with your surroundings (Stealth++).
Your rubbery body absorbs attacks. (AC +1, EV +1)
((You are camouflaged when in or above water. (Stealth+)))
You have tentacles for arms and can constrict up to eight enemies at once.
One of your tentacles bears a spike.
You are strong-willed. (Will+)


Message History

Okay, then.
The steam dragon attacks as you move away!
The steam dragon bites you! The steam dragon claws you.
The bullfrog is engulfed in a cloud of scalding steam.
Casting: Sandblast (safe; 1% risk of failure)
Confirm with . or Enter, or press ? or * to list all spells.
Aiming: Sandblast (safe; 1% risk of failure)
Press: ? - help, Shift-Dir - straight line, f/p - steam dragon
Aim: a steam dragon (steam, lightly wounded, 84% to hit)
The blast of sand hits the steam dragon!
The steam dragon is heavily wounded.
The steam dragon bites you.
* * * LOW HITPOINT WARNING * * *
The steam dragon misses you. The bullfrog barely misses you.
Your magical contamination has completely faded away.
As you read the scroll of fear, it crumbles to dust.
You assume a fearsome visage.
The bullfrog looks frightened!
The steam dragon looks frightened!
Unknown command.
Magic courses through your body.
Unknown command.
Casting: Sandblast (safe; 1% risk of failure)
Confirm with . or Enter, or press ? or * to list all spells.
Aiming: Stone Arrow (dangerous; 3% risk of failure)
Press: ? - help, Shift-Dir - straight line, f/p - steam dragon
Aim: a steam dragon (moderately wounded, 71% to hit)
You miscast Stone Arrow.
You are very lightly contaminated with residual magic.
Nothing appears to happen.
The steam dragon bites you.
* * * LOW HITPOINT WARNING * * *
The steam dragon misses you.
Casting: Stone Arrow (dangerous; 3% risk of failure)
Confirm with . or Enter, or press ? or * to list all spells.
Aiming: Stone Arrow (dangerous; 3% risk of failure)
Press: ? - help, Shift-Dir - straight line, f/p - steam dragon
Aim: a steam dragon (moderately wounded, 71% to hit)
You miscast Stone Arrow.
Nothing appears to happen.
The steam dragon breathes steam at you. The ball of steam hits you!!
You die...

###...#.........#####..#......>#
############........#..#####.[..
.# #........#.... ..... .#
#........+.... .# #........#
.#### #........# ....#
#........# ###.# #...D....#
..########.##@################
......#.....#....##.........#.
...#.F#.#...#.##..##.)##......
.#.#.)..#.#.#..##..##..##...##
.#ยงยง.#..#.#.....##..##..##..##
.F.D...#D.D.#......##......##...
################################


You could see a steam dragon (catching breath).

Vanquished Creatures
  A black bear (D:6)
  A sky beast (D:6)
  An ice beast (D:5)
  2 ogres
  A centaur (D:7)
  A kobold brigand (D:7)
  2 necrophages
  A bullfrog (D:7)
  3 scorpions
  2 howler monkeys (D:7)
  7 hounds
  Crazy Yiuf (D:2)
  2 gnoll boudas
  3 orc priests
  4 iguanas
  3 orc wizards
  6 adders
  3 gnolls (D:5)
  2 shadow imps
  A white imp (D:5)
  4 worms
  3 dart slugs
  14 orcs
  15 endoplasms
  3 giant cockroaches
  7 goblins
  7 hobgoblins
  9 jackals
  9 kobolds
  5 quokkas
  6 ball pythons
  6 bats
  3 frilled lizards (D:3)
  3 rats
141 creatures vanquished.

Vanquished Creatures (others)
  A plant (D:4)
1 creature vanquished.

Grand Total: 142 creatures vanquished

Notes
Turn   | Place    | Note
-------+----------+-------------------------------------------
     0 | D:1      | leafyfresh the Octopode Earth Elementalist began the quest
                  | for the Orb.
     0 | D:1      | Reached XP level 1. HP: 11/11 MP: 3/3
   361 | D:1      | Reached XP level 2. HP: 6/17 MP: 0/5
  1008 | D:1      | Reached XP level 3. HP: 15/21 MP: 6/6
  1549 | D:1      | Found a faded altar of an unknown god.
  2307 | D:2      | Reached skill level 3 in Stealth
  2355 | D:2      | Found a runed translucent door.
  2356 | D:2      | Noticed Crazy Yiuf
  2480 | D:2      | Reached XP level 4. HP: 18/27 MP: 1/7
  3022 | D:2      | Identified the +0 cloak "Woejuugej" {Regen+}
  3090 | D:2      | Reached skill level 4 in Stealth
  3269 | D:2      | Learned a level 3 spell: Stone Arrow
  3275 | D:2      | Killed Crazy Yiuf
  3276 | D:2      | Reached skill level 1 in Conjurations
  3276 | D:2      | Reached skill level 5 in Earth Magic
  3276 | D:2      | Reached XP level 5. HP: 4/31 MP: 1/8
  4423 | D:3      | Found a glowing golden altar of the Shining One.
  4459 | D:3      | Identified the +0 scale mail of Ukkum {rElec rCorr Str-2}
  5189 | D:4      | You are sucked into a shaft and drop 1 floor!
  5189 | D:5      | Entered Level 5 of the Dungeon
  5298 | D:5      | Reached XP level 6. HP: 29/36 MP: 1/9
  6156 | D:5      | HP: 1/35 [orc/+0 dagger (2)]
  6464 | D:5      | Reached XP level 7. HP: 41/41 MP: 7/10
  6597 | D:5      | Learned a level 2 spell: Passwall
  8970 | D:4      | Found Kitegodu's Antique Armour Shoppe.
  9133 | D:4      | Reached skill level 1 in Shields
 11002 | D:6      | Reached skill level 5 in Stealth
 11278 | D:6      | Found a staircase to the Ecumenical Temple.
 11287 | Temple   | Entered the Ecumenical Temple
 11319 | Temple   | Became a worshipper of Vehumet
 11398 | D:6      | Reached XP level 8. HP: 45/46 MP: 1/11
 11542 | D:6      | Reached skill level 6 in Stealth
 12105 | D:6      | Reached skill level 7 in Stealth
 13034 | D:7      | Gained mutation: You are strong-willed. (Will+) [potion of
                  | mutation]
 13034 | D:7      | Gained mutation: One of your tentacles bears a spike.
                  | [potion of mutation]
 13034 | D:7      | Gained mutation: Your skin blends seamlessly with your
                  | surroundings (Stealth++). [potion of mutation]
 13053 | D:7      | Found Daefe's Mass Market.
 13628 | D:7      | Identified the +0 leather armour of Resilience {-Cast rF+
                  | Str+4}
 13707 | D:7      | Reached skill level 8 in Stealth
 13707 | D:7      | Reached XP level 9. HP: 51/51 MP: 5/12
 13948 | D:7      | Killed from afar by a steam dragon

Illustrated notes

Levels and vault maps discovered:
D:1:      lemuel_arrival_lava_pool, layout_loops_ring,
          dreamdust_ecumenical_altar_hidden_monk_grotto
D:2:      layout_rooms, corexii_leaking_fountain, uniq_crazy_yiuf_cottage
D:3:      minmay_general_purpose_star, layout_rooms, tso_oasis_becter,
          minmay_misc_feat_pillars, kennysheep_generic_room_12
D:4:      layout_basic, corexii_shack, minmay_misc_feat_hallway,
          nicolae_take_the_stairs, kennysheep_path_1
D:5:      layout_basic
D:6:      layout_loops_corners, minmay_temple_entry_mist
D:7:      minmay_thinvault, layout_gridville, minmay_shop_mass
Temple:   chequers_temple_sunken

Skill      XL: |  1  2  3  4  5  6  7  8  9 |
---------------+----------------------------+-----
Earth Magic    | 4 5 6 |  6.8
Stealth        | 3 4 5 8 |  8.5
Conjurations   | 1 2 3 4 |  4.9
Shields        | 2 3 |  3.8
Dodging        | 3 4 |  4.2
Spellcasting   | |  2.6
Transmutations | |  1.0

Action                   |  1- 3 |  4- 6 |  7- 9 || total
-------------------------+-------+-------+-------++-------
Melee: Unarmed           |    13 |       |       ||    13
       Tentacles         |    12 |     3 |     2 ||    17
       Constrict         |    11 |     5 |     2 ||    18
       Short sword       |    47 |     4 |       ||    51
       Quarterstaff      |       |    18 |     8 ||    26
 Cast: Sandblast         |    33 |    73 |    66 ||   172
       Stone Arrow       |       |       |    34 ||    34
  Use: Potion            |       |     2 |     2 ||     4
       Scroll            |       |       |    11 ||    11
 Stab: Sleeping          |     8 |     3 |     1 ||    12
Armor: Skin              |     9 |     4 |     1 ||    14
Dodge: Dodged            |    59 |    38 |    34 ||   131
